 Dungeon Crawl Stone Soup version 0.29.1-12-g30fa7ad0bf (webtiles) character file.

Game seed: 6943105599084150134

729 styxcanada the Covert (level 7, 0/35 HPs)
             Began as a Spriggan Brigand on Dec 31, 2022.
             Slain by an ice beast (10 damage)
             ... on level 5 of the Dungeon on Jan 2, 2023.
             The game lasted 00:22:05 (5809 turns).

styxcanada the Covert (Spriggan Brigand)            Turns: 5809, Time: 00:22:06

Health: 0/35       AC:  4    Str:  7    XL:     7   Next: 44%
Magic:  8/8        EV: 18    Int: 13    God:
Gold:   255        SH:  0    Dex: 18    Spells: 6/6 levels left

rFire   . . .      SeeInvis +   a - +2 dagger
rCold   . . .      Faith    .   (no shield)
rNeg    . . .      Spirit   .   b - +0 robe
rPois   .          Reflect  .   (helmet restricted)
rElec   .          Harm     .   c - +1 cloak
rCorr   .          Rampage  .   (gloves unavailable)
Will    +....                   (boots unavailable)
Stlth   ++++......              p - amulet of magic regeneration
HPRegen 0.11/turn               (no ring)
MPRegen 0.51/turn               (no ring)

@: studying 2 skills, very quick
A: very small, no large weapons, unfitting armour, see invisible, speed 3
a: no special abilities


You were on level 5 of the Dungeon.
You visited 2 branches of the dungeon, and saw 6 of its levels.

You collected 255 gold pieces.

Inventory:

Hand Weapons
 a - a +2 dagger (weapon)
 i - a +0 sling
Missiles
 d - 9 poisoned darts (quivered)
 e - a curare-tipped dart
Armour
 b - a +0 robe (worn)
 c - a +1 cloak (worn)
Jewellery
 p - an amulet of magic regeneration (around neck)
Wands
 t - a wand of polymorph (3)
Scrolls
 k - 2 scrolls of butterflies
 s - 2 scrolls of teleportation
Potions
 f - a potion of berserk rage
 g - 2 potions of cancellation
 h - 4 potions of curing {unknown}
 j - 2 potions of flight {unknown}
 l - a potion of magic {unknown}
 m - a potion of mutation {unknown}
 n - a potion of resistance {unknown}
 o - 2 potions of invisibility {unknown}
 q - a potion of attraction {unknown}
 r - a potion of degeneration {unknown}


   Skills:
 * Level 2.7 Fighting
 + Level 3.2 Short Blades
 * Level 6.9 Throwing
 * Level 3.8 Dodging
 * Level 9.6 Stealth


You had 6 spell levels left.
You didn't know any spells.
Your spell library was empty.

Dungeon Overview and Level Annotations

Branches:
Dungeon (5/15)             Temple (1/1) D:5

Altars:
Ashenzari
Cheibriados
Dithmenos
Elyvilon
Hepliaklqana
Kikubaaqudgha
Makhleb
Okawaru
Ru
Sif Muna
Trog
Uskayaw
Vehumet
Wu Jian
Xom
Zin
The Shining One

Shops:
D:3 =


Innate Abilities, Weirdness & Mutations

You are very small and have problems with some larger weapons.
You are too small for most types of armour.
You have supernaturally acute eyesight. (SInv)
You cover ground extremely quickly. (Speed+++)


Message History

The ice beast freezes you!
You hit the ice beast but do no damage. The ice beast barely misses you.
You hit the ice beast.
The ice beast is lightly wounded.
The ice beast misses you.
You hit the ice beast.
The ice beast is moderately wounded.
The ice beast misses you.
You hit the ice beast.
The ice beast is moderately wounded.
The ice beast closely misses you.
You hit the ice beast but do no damage.
The ice beast is moderately wounded.
The ice beast misses you.
You hit the ice beast but do no damage.
The ice beast is moderately wounded.
The ice beast closely misses you.
You hit the ice beast.
The ice beast is heavily wounded.
You closely miss the ice beast.
The ice beast is heavily wounded.
The ice beast hits you but does no damage.
You barely miss the ice beast.
The ice beast is heavily wounded.
The ice beast barely misses you.
You closely miss the ice beast.
The ice beast is heavily wounded.
The ice beast misses you.
You hit the ice beast but do no damage.
The ice beast is heavily wounded.
The ice beast closely misses you.
You hit the ice beast.
The ice beast is heavily wounded.
The ice beast hits you. The ice beast freezes you.
You hit the ice beast but do no damage. You punch the ice beast.
The ice beast is severely wounded.
The ice beast hits you.
* * * LOW HITPOINT WARNING * * *
The ice beast freezes you!
You die...

#............#
#.............
..........####
##...#.##.......
####...####
##.##.# ####.#.
#...# #.# .# .#
#.....# #.# .# #
#...#.# ##'##..
# #####.#
##...## # #
##.....## #
##.@.....#
######
#..Y......#
......
+.†.......+
######
#.........#
##.......##
##...>.##
##...## #+##


You could see an ice beast.

Vanquished Creatures
  Edmund (D:4)
  An orc warrior (D:4)
  Duvessa (D:4)
  A phantom (D:4)
  A scorpion (D:4)
  Dowan (D:4)
  A hound (D:4)
  An iguana (D:4)
  An orc wizard (D:4)
  6 adders
  4 worms
  2 dart slugs
  7 orcs
  2 endoplasms
  2 giant cockroaches
  10 goblins
  9 hobgoblins
  2 jackals (D:2)
  5 quokkas
  9 ball pythons
  5 bats
  3 frilled lizards
  3 kobolds
  10 rats
88 creatures vanquished.

Notes
Turn   | Place    | Note
-------+----------+-------------------------------------------
     0 | D:1      | styxcanada the Spriggan Brigand began the quest for the
                  | Orb.
     0 | D:1      | Reached XP level 1. HP: 10/10 MP: 2/2
   272 | D:1      | Reached skill level 6 in Stealth
   355 | D:1      | Reached XP level 2. HP: 4/14 MP: 3/3
  1233 | D:2      | Reached skill level 7 in Stealth
  1233 | D:2      | Reached XP level 3. HP: 1/18 MP: 4/4
  1780 | D:2      | Found a faded altar of an unknown god.
  2388 | D:3      | Reached XP level 4. HP: 19/23 MP: 5/5
  2651 | D:3      | Found Miqilu's Jewellery Boutique.
  3125 | D:4      | Noticed a scorpion
  3126 | D:4      | Killed a scorpion
  3127 | D:4      | Reached skill level 8 in Stealth
  3127 | D:4      | Reached XP level 5. HP: 26/26 MP: 6/6
  3689 | D:4      | Noticed a phantom
  3706 | D:4      | Found a white marble altar of Elyvilon.
  3723 | D:4      | Noticed Dowan
  3724 | D:4      | Noticed Duvessa
  3748 | D:4      | Noticed Edmund
  3873 | D:4      | Killed Edmund
  3874 | D:4      | Reached skill level 9 in Stealth
  3874 | D:4      | Reached XP level 6. HP: 13/32 MP: 7/7
  4127 | D:4      | Killed Duvessa
  4128 | D:4      | Reached skill level 5 in Throwing
  4303 | D:4      | Reached XP level 7. HP: 19/35 MP: 8/8
  4909 | D:4      | Killed Dowan
  5146 | D:4      | Identified the +4 ring mail "Cerrulua" {rF+}
  5362 | D:5      | Entered Level 5 of the Dungeon
  5521 | D:5      | Found a staircase to the Ecumenical Temple.
  5536 | Temple   | Entered the Ecumenical Temple
  5809 | D:5      | Slain by an ice beast

Illustrated notes

Levels and vault maps discovered:
D:1:      minmay_arrival_five_plusses, layout_rooms,
          minmay_misc_feat_nine_boxes, ebering_dispersal_statue_hall,
          kennysheep_small_spiral
D:2:      layout_loops_cross, basic_ecumenical_altar, grunt_ministairs_6,
          chequers_mini_garden, chequers_serial_rivers_small_b
D:3:      layout_loops_ring, serial_shops, shop_fountains
D:4:      layout_basic, elyvilon_altar_1, minmay_manual_mail, uniq_duvessa,
          uniq_edmund
D:5:      kennysheep_spiral_hall, layout_loops_corners,
          minmay_temple_entry_arrows
Temple:   nicolae_temple_superstar

Skill      XL: |  1  2  3  4  5  6  7 |
---------------+----------------------+-----
Stealth        | 6 7 8 9 |  9.6
Dodging        | 2 3 |  3.8
Fighting       | 2 |  2.7
Throwing       | 4 5 6 |  6.9
Short Blades   | 3 |  3.2

Action                   |  1- 3 |  4- 6 |  7- 9 || total
-------------------------+-------+-------+-------++-------
Melee: Dagger            |    99 |    97 |    34 ||   230
       Punch             |     1 |     1 |     1 ||     3
Throw: Dart              |    18 |    56 |     6 ||    80
  Use: Scroll            |     2 |     6 |     3 ||    11
 Stab: Sleeping          |    15 |     7 |     9 ||    31
       Distracted        |     1 |       |       ||     1
Armor: Robe              |    12 |     6 |     1 ||    19
Dodge: Dodged            |    75 |    66 |    19 ||   160
